 Dungeon Crawl Stone Soup version 0.26-a0-540-g8a0c9464d7 (webtiles) character file.

Game seed: 5810581761884117750

121291 Lanoc the Bludgeoner (level 17, -3/154 HPs)
             Began as a Formicid Chaos Knight on Aug 25, 2020.
             Was a Plaything of Xom.
             Drowned by a drowned soul (16 damage)
             ... summoned by a merfolk avatar
             ... on level 2 of the Shoals.
             The game lasted 00:52:31 (28445 turns).

Lanoc the Bludgeoner (Formicid Chaos Knight)       Turns: 28445, Time: 00:52:32

Health: -3/154     AC: 28    Str: 23    XL:     17   Next: 39%
Magic:  20/20      EV: 22    Int:  9    God:    Xom [.*....]
Gold:   1980       SH: 12    Dex: 21    Spells: 16/16 levels left

rFire    + + +     SeeInvis +   b - +9 broad axe of Righteous Fury {freeze, rElec rN+ Int-3}
rCold    + + .     Faith    +   K - +0 kite shield
rNeg     + + .     Spirit   .   t - +8 ring mail of Rieros {rElec MR+}
rPois    .         Reflect  .   (helmet unavailable)
rElec    +         Harm     .   E - +1 cloak
rCorr    +         Clarity  +   k - +2 pair of gloves
MR       +++..                  (no boots)
Stlth    +.........             s - amulet of faith
HPRegen  0.75/turn              j - ring "Qobuss" {rC+ rN+ rCorr}
MPRegen  0.17/turn              l - +6 ring of dexterity

@: very slow
A: permanent stasis, dig shafts and tunnels, four strong arms, antennae 3, claws
1, hooves 1, iridescent scales 1, thin metallic scales 1, clarity, cold
resistance 1, fire resistance 3, high mp 2, magic resistance 1, regeneration 1,
robust 1, shaggy fur 2, electricity resistance, strong 2, wild magic 2,
MP-powered wands
a: Dig, Shaft Self, Renounce Religion


You were on level 2 of the Shoals.
You worshipped Xom.
You were a plaything of Xom.
You visited 5 branches of the dungeon, and saw 26 of its levels.
You visited 1 bazaar.
You also visited: Sewer, Bailey and Ice Cave.

You collected 2329 gold pieces.
You spent 349 gold pieces at shops.

Inventory:

Hand Weapons
 a - the +12 Vampire's Tooth {vamp}
   (You found it on level 10 of the Dungeon)

   It inflicts no extra harm, but heals its wielder when it wounds a living foe.
 b - the +9 broad axe of Righteous Fury (weapon) {freeze, rElec rN+ Int-3}
   (You found it on level 11 of the Dungeon)

   It has been specially enchanted to freeze those struck by it, causing extra
   injury to most foes and up to half again as much damage against particularly
   susceptible opponents.
   It can also slow down cold-blooded creatures.
   It affects your intelligence (-3).
   It insulates you from electricity.
   It protects you from negative energy.
 I - the +11 bardiche "Deunio" {freeze, rF+}
   (You found it in an ice cave)

   It has been specially enchanted to freeze those struck by it, causing extra
   injury to most foes and up to half again as much damage against particularly
   susceptible opponents.
   It can also slow down cold-blooded creatures.
   It protects you from fire.
 V - the +6 mace "Gaic Wik" {freeze, rPois Int+4 Stlth-}
   (You found it on level 6 of the Lair of Beasts)

   It has been specially enchanted to freeze those struck by it, causing extra
   injury to most foes and up to half again as much damage against particularly
   susceptible opponents.
   It can also slow down cold-blooded creatures.
   It affects your intelligence (+4).
   It protects you from poison.
   It makes you less stealthy.
Armour
 k - a +2 pair of gloves (worn)
 t - the +8 ring mail of Rieros (worn) {rElec MR+}
   (You found it on level 4 of the Dungeon)

   It insulates you from electricity.
   It affects your resistance to hostile enchantments.
 E - a +1 cloak (worn)
 K - a +0 kite shield (worn)
Jewellery
 j - the ring "Qobuss" (left hand) {rC+ rN+ rCorr}
   (You found it in a bailey)

   [ring of resist corrosion]

   It protects you from cold.
   It protects you from negative energy.
   It provides partial protection from all sources of acid and corrosion.
 l - a +6 ring of dexterity (right hand)
 s - an amulet of faith (around neck)
 B - an uncursed ring of protection from magic
 C - an uncursed ring of resist corrosion
Wands
 d - a wand of enslavement (2)
 r - a wand of digging (7)
 w - a wand of paralysis (9)
 F - a wand of disintegration (16)
 H - a wand of polymorph (5)
 S - a wand of iceblast (4)
Scrolls
 f - 8 scrolls of remove curse
 h - a scroll of holy word
 n - 4 scrolls of enchant armour
 o - 8 scrolls of enchant weapon
 q - 4 scrolls of immolation {unknown}
 y - 4 scrolls of amnesia
 z - a scroll of fog
 J - 2 scrolls of summoning
 N - a scroll of brand weapon
 Q - a scroll of silence
 U - a scroll of magic mapping
 X - 2 scrolls of random uselessness {unknown}
Potions
 c - 5 potions of curing
 e - 7 potions of flight
 g - 2 potions of might
 i - 4 potions of brilliance
 m - a potion of lignification
 p - 6 potions of stabbing
 u - 2 potions of ambrosia
 v - 2 potions of magic
 x - 2 potions of resistance
 A - a potion of mutation
 T - a potion of cancellation
Miscellaneous
 G - a lightning rod (4/4)
 M - a phantom mirror
 O - a phantom mirror
 P - a box of beasts (3/3)
 W - a phial of floods


   Skills:
 + Level 14.7 Fighting
 - Level 16.6 Maces & Flails
 + Level 14.6 Armour
 + Level 12.5 Dodging
 - Level 9.0 Shields


You had 16 spell levels left.
You didn't know any spells.
Your spell library contained the following spells:

 Spells                   Type           Power        Failure   Level
 Animate Skeleton         Necr           #.....       67%         1
 Apportation              Tloc           #.....       67%         1
 Beastly Appendage        Tmut           #.....       67%         1
 Corona                   Hex            #......      67%         1
 Foxfire                  Conj/Fire      #...         67%         1
 Magic Dart               Conj           #...         67%         1
 Pain                     Necr           #...         67%         1
 Sandblast                Erth           #.....       67%         1
 Sting                    Tmut/Pois      #...         67%         1
 Summon Small Mammal      Summ           #...         67%         1
 Call Imp                 Summ           #.......     78%         2
 Ensorcelled Hibernation  Hex/Ice        #.....       78%         2
 Passwall                 Tmut/Erth      #.......     78%         2
 Poisonous Vapours        Pois/Air       #.....       78%         2
 Slow                     Hex            #.......     78%         2
 Wereblood                Tmut           #.......     78%         2
 Confusing Touch          Hex            #.......     94%         3
 Conjure Flame            Conj/Fire      #.......     94%         3
 Dazzling Flash           Conj/Hex       #.....       94%         3
 Ignite Poison            Fire/Tmut/Pois #.......     94%         3
 Inner Flame              Hex/Fire       #.......     94%         3
 Mephitic Cloud           Conj/Pois/Air  #.......     94%         3
 Ozocubu's Armour         Ice            #.......     94%         3
 Spider Form              Tmut/Pois      #.........   94%         3
 Stone Arrow              Conj/Erth      #.....       94%         3
 Tukima's Dance           Hex            #.......     94%         3
 Vampiric Draining        Necr           #.........   94%         3
 Animate Dead             Necr           #.........   100%        4
 Hailstorm                Conj/Ice       #.......     100%        4
 Ice Form                 Ice/Tmut       #.......     100%        4
 Olgreb's Toxic Radiance  Pois           #.......     100%        4
 Petrify                  Tmut/Erth      #.......     100%        4
 Sticky Flame             Conj/Fire      #.......     100%        4
 Agony                    Necr           #.......     100%        5
 Blade Hands              Tmut           #.........   100%        5
 Fireball                 Conj/Fire      #.........   100%        5
 Lee's Rapid Deconstruct  Erth           #.........   100%        5
 Simulacrum               Ice/Necr       #.........   100%        6
 Starburst                Conj/Fire      #.........   100%        6
 Ignition                 Fire           #.........   100%        8
 Blink                    Tloc           Unusable     N/A         2

Dungeon Overview and Level Annotations

Branches:
Dungeon (15/15)            Temple (1/1) D:7            Lair (6/6) D:8
 Shoals (2/4) Lair:4       Spider (0/4) Lair:4        Slime (0/5) Lair:5
    Orc (2/2) D:10            Elf (0/3) Orc:2        Vaults (0/5) D:14
 Depths (0/5) D:15          Sewer (visited)          Bailey (visited)
  IceCv (visited)

Altars:
Cheibriados
Dithmenos
Elyvilon
Fedhas
Gozag
Makhleb
Nemelex Xobeh
Sif Muna
Trog
Vehumet
Wu Jian
Xom
Yredelemnul
Beogh

Shops:
D:12 *}   D:15 :   Orc:2 *[(*

Annotations:
D:13 2 transporters, exclusion: obsidian statue
D:14 Roxanne


Innate Abilities, Weirdness & Mutations

You cannot be hasted, slowed, berserked, paralysed or teleported.
You can dig through walls and to a lower floor.
Your four strong arms can wield two-handed weapons with a shield.
You have a pair of large antennae on your head. (SInv)
You have sharp fingernails.
You have large cloven feet.
You are partially covered in iridescent scales. (AC +2)
You are partially covered in thin metallic scales. (AC +2)
You possess an exceptional clarity of mind.
Your flesh is cold resistant. (rC+)
Your flesh is almost immune to the effects of heat. (rF+++)
You have a considerably increased reservoir of magic. (+20% MP)
You are resistant to hostile enchantments. (MR+)
Your natural rate of healing is unusually fast.
You are robust. (+10% HP)
You are covered in thick fur. (AC +2)
You are resistant to electric shocks. (rElec)
Your muscles are very strong. (Str +4)
Your spells are harder to cast, but more powerful.
You expend magic power (3 MP) to strengthen your wands.


Message History

The merfolk avatar chants a haunting song.
You are unaffected.
You enter the shallow water.
Moving in this stuff is going to be slow.
The merfolk avatar chants a haunting song.
You are unaffected.
The merfolk avatar chants a haunting song.
You are unaffected.
The drowned soul touches you. The drowned soul drowns you!
* * * LOW HITPOINT WARNING * * *
You emit a cloud of colourful smoke!
You barely miss the merfolk avatar.
The merfolk avatar chants a haunting song.
You are unaffected.
You slash the merfolk avatar! You freeze the merfolk avatar.
Your kick misses the merfolk avatar.
The merfolk avatar is lightly wounded.
You barely miss the drowned soul. The drowned soul touches you.
The drowned soul drowns you!
You die...
Xom howls with laughter!

≈≈≈≈≈P≈≈≈≈≈≈....≈≈≈≈.....
≈≈≈≈P≈≈P≈≈..[.≈≈≈≈≈......
≈≈W≈≈≈≈≈≈≈...#≈≈......<..
≈≈W≈≈≈≈≈≈(.###≈..........
≈≈≈≈≈≈≈≈≈..# #≈..<.≈≈≈≈≈≈
≈≈≈≈≈≈≈.(#####≈.....≈≈≈≈≈
≈≈≈≈≈≈≈≈.# ##.≈≈......≈.≈
≈≈≈≈≈≈≈§§###..≈≈≈≈≈..≈≈..
≈≈≈≈≈≈≈m@§.....≈≈≈≈≈≈≈<..
≈≈≈≈≈≈≈§§§.≈.≈....≈≈≈≈≈.≈
≈≈≈≈≈≈≈......≈≈..≈≈≈≈≈≈≈≈
.≈≈≈≈≈≈......≈≈≈≈≈≈≈≈≈≈≈≈
..≈≈≈≈≈≈≈...≈≈≈≈≈≈≈≈≈≈≈≈≈
P≈≈≈≈≈≈..>≈≈≈≈≈≈≈≈≈≈≈≈≈≈
....≈≈....≈≈≈≈≈≈≈≈≈≈≈≈≈≈
∆
.P..≈....≈≈≈≈≈≈≈≈≈≈≈≈≈≈≈


You could see a merfolk avatar and 2 drowned souls.

Vanquished Creatures
  Rupert (D:13)
  Polyphemus (Shoals:2)
  Frances (Shoals:1)
  An ironheart preserver (D:14)
  The ghost of Hirgh the Warrior, a journeyman MfFi of Hepliaklqana (Orc:1)
  A merfolk impaler (Shoals:1)
  4 centaur warriors
  The ghost of krystol the Fighter, a novice MiBr of Qazlal (D:9)
  12 hydras
  2 catoblepae
  3 ogre magi (Orc:2)
  An orc high priest (Orc:1)
  15 two-headed ogres
  12 death yaks
  A deep troll shaman (Lair:6)
  Sonja (Lair:6)
  Nergalle (Lair:3)
  A sea snake (Shoals:1)
  2 unseen horrors
  2 lindwurms (Lair:6)
  4 orc knights
  4 harpies (Shoals:1)
  A necromancer (D:15)
  3 deep elf magi
  A wolf spider (D:14)
  2 fauns (Shoals:1)
  5 manticores
  6 ugly things
  An oklob plant (Lair:5)
  2 cyclopes
  A wolf spider zombie (D:15)
  A moth of wrath (Orc:1)
  15 elephants
  An orc sorcerer (D:15)
  Maurice (D:11)
  Joseph (D:9)
  2 black mambas
  3 ice statues (IceCv)
  2 water nymphs (Shoals:1)
  3 naga magi (D:15)
  A gargoyle (D:14)
  2 merfolk sirens (Shoals:1)
  6 centaur skeletons
  8 cane toads
  Maggie (D:8)
  4 efreet
  2 yaktaurs
  A rime drake (Lair:6)
  10 komodo dragons
  7 ice devils (IceCv)
  A jumping spider (Lair:4)
  3 polar bears
  A hornet (D:10)
  6 trolls
  2 tyrant leeches (D:10)
  8 merfolk (Shoals:1)
  A queen bee (Lair:6)
  4 wind drakes
  11 blink frogs
  8 slime creatures
  3 snapping turtles (Shoals:1)
  A hippogriff (shapeshifter) (Bailey)
  9 hippogriffs
  A meliai zombie (D:12)
  3 water elementals
  A shadow (D:15)
  44 yaks
  6 redbacks (Lair:4)
  2 vampires (D:10)
  A tarantella (D:14)
  5 wyverns
  7 basilisks
  A steam dragon (D:12)
  6 vampire mosquitoes
  7 wargs
  11 water moccasins
  Duvessa (D:5)
  7 porcupines
  A floating eye (Shoals:1)
  27 orc warriors
  2 phantoms
  9 ice beasts
  A black bear (D:8)
  3 sky beasts
  4 necrophages (D:9)
  19 wolves
  An eye of draining (D:14)
  24 ogres
  19 centaurs
  7 crocodiles
  3 big kobolds
  12 bullfrogs
  Blork the orc (D:5)
  A gnoll sergeant (D:10)
  2 scorpions
  Dowan (D:5)
  17 killer bees
  3 howler monkeys
  23 wights
  10 electric eels
  6 centaur zombies
  3 draconian simulacra (IceCv)
  14 orc priests
  5 bullfrog skeletons
  11 hounds
  3 jellies
  32 orc wizards
  6 iguanas
  4 worker ants
  A troll simulacrum (IceCv)
  3 centaur simulacra
  4 hound zombies
  2 hound skeletons
  2 mummies (D:9)
  2 worker ant zombies
  A howler monkey zombie (D:6)
  3 ogre simulacra (IceCv)
  15 adders
  A naga simulacrum (IceCv)
  2 shadow imps
  3 white imps
  3 oozes
  3 adder zombies (D:9)
  2 adder skeletons (D:4)
  A dart slug (D:4)
  3 leopard geckos
  85 orcs
  5 bats
  6 giant cockroaches
  7 goblins
  6 hobgoblins
  2 jackals (D:6)
  4 quokkas
  5 ball pythons
  4 frilled lizards
  23 kobolds
  A leopard gecko skeleton (D:6)
  A quokka skeleton (D:6)
  5 rats
  6 fungi
  12 plants
823 creatures vanquished.

Vanquished Creatures (collateral kills)
  An ettin (Shoals:1)
  2 two-headed ogres (Orc:2)
  An ogre mage (Orc:2)
  A faun (Lair:5)
  An ugly thing (D:15)
  A black mamba (Lair:4)
  A centaur zombie (D:14)
  A polar bear (shapeshifter) (D:14)
  A porcupine (Lair:4)
  3 orc warriors (Bailey)
  2 ogres (Orc:2)
  A big kobold (Sewer)
  2 bullfrogs
  2 wights (D:11)
  7 orcs (Bailey)
  A fungus (Lair:4)
28 creatures vanquished.

Vanquished Creatures (others)
  A dancing weapon (Orc:2)
  A deep troll (D:14)
  A necromancer (IceCv)
  2 ugly things (D:15)
  An orc sorcerer (Orc:1)
  A slime creature (D:15)
  2 ogres (Orc:2)
  A worker ant (D:4)
  A leopard gecko (D:6)
  An orc (D:6)
  7 fungi
  8 plants
27 creatures vanquished.

Grand Total: 878 creatures vanquished

Notes
Turn   | Place    | Note
-------+----------+-------------------------------------------
     0 | D:1      | Lanoc the Formicid Chaos Knight began the quest for the
                  | Orb.
     0 | D:1      | Reached XP level 1. HP: 18/18 MP: 1/1
    12 | D:1      | XOM: smoke on damage
    14 | D:1      | Reached skill level 1 in Dodging
    14 | D:1      | Reached XP level 2. HP: 19/24 MP: 2/2
   190 | D:1      | XOM: divination: detect creatures
   200 | D:2      | Noticed a sky beast
   209 | D:2      | XOM: silly message
   212 | D:2      | XOM: potion effect (heal wounds)
   224 | D:2      | XOM: summons 2 friendly demons
   226 | D:2      | Noticed a bullfrog
   226 | D:2      | a sky beast changed into a bullfrog
   226 | D:2      | XOM: polymorph sky beast -> bullfrog
   234 | D:2      | Killed a bullfrog
   234 | D:2      | Reached XP level 3. HP: 12/30 MP: 3/3
   234 | D:2      | Reached XP level 4. HP: 15/37 MP: 4/4
   439 | D:3      | Found a glowing drain.
   461 | D:3      | XOM: noise
   502 | Sewer    | Entered a sewer
   517 | Sewer    | XOM: enchant monster (bad)
   905 | Sewer    | Noticed a big kobold
   914 | Sewer    | Reached skill level 4 in Maces & Flails
   926 | Sewer    | XOM: cast spell 'Summon Ice Beast'
   935 | Sewer    | Killed a big kobold
   935 | Sewer    | Reached XP level 5. HP: 18/42 MP: 5/5
  1208 | Sewer    | Noticed a big kobold
  1221 | Sewer    | Killed a big kobold
  1221 | Sewer    | Reached XP level 6. HP: 39/48 MP: 6/6
  1373 | D:3      | XOM: noise
  1452 | D:3      | XOM: silly message
  1550 | D:3      | XOM: noise
  1835 | D:3      | Found a bloodstained altar of Trog.
  1835 | D:3      | Found a white marble altar of Elyvilon.
  1855 | D:3      | XOM: scenery: create altars
  2005 | D:3      | XOM: divination: magic mapping
  2303 | D:3      | Found a shimmering blue altar of Sif Muna.
  2355 | D:3      | Found a blossoming altar of Fedhas.
  2461 | D:4      | Got a bloodstained ring mail
  2472 | D:4      | Identified the +8 ring mail of Rieros {rElec MR+} (You
                  | found it on level 4 of the Dungeon)
  2476 | D:4      | XOM: silly message
  2481 | D:4      | Reached skill level 5 in Maces & Flails
  2546 | D:4      | You fall into a shaft and drop 3 floors!
  2585 | D:7      | Reached XP level 7. HP: 55/55 MP: 7/7
  2660 | D:6      | XOM: potion effect (invisibility)
  2678 | D:6      | XOM: silly message
  2693 | D:6      | XOM: silly message
  2694 | D:6      | Noticed a water moccasin
  2706 | D:6      | Killed a water moccasin
  2706 | D:6      | Reached skill level 5 in Fighting
  2716 | D:6      | XOM: potion effect (might)
  2718 | D:6      | Reached skill level 6 in Maces & Flails
  2718 | D:6      | Reached XP level 8. HP: 62/62 MP: 8/8
  2725 | D:6      | XOM: silly message
  2738 | D:6      | XOM: silly message
  2893 | D:6      | XOM: silly message
  2952 | D:6      | XOM: stat loss: -1 Str (16/17)
  3280 | D:5      | XOM: stealth player
  3280 | D:5      | Entered Level 5 of the Dungeon
  3291 | D:5      | Found a snail-covered altar of Cheibriados.
  3460 | D:4      | Reached skill level 5 in Armour
  3483 | D:4      | XOM: summons 2 hostile demons
  3828 | D:5      | Noticed Blork the orc
  3835 | D:5      | Killed Blork the orc
  3835 | D:5      | Reached skill level 7 in Maces & Flails
  3988 | D:5      | Noticed Duvessa
  3991 | D:5      | XOM: enchant monster (good)
  3996 | D:5      | Noticed Dowan
  4005 | D:5      | Killed Dowan
  4010 | D:5      | Killed Duvessa
  4010 | D:5      | Reached XP level 9. HP: 53/69 MP: 9/9
  4129 | D:5      | XOM: give mutations
  4129 | D:5      | Gained mutation: You are partially covered in thin metallic
                  | scales. (AC +2) [Xom's grace]
  4129 | D:5      | Gained mutation: You are robust. (+10% HP) [Xom's grace]
  4129 | D:5      | Gained mutation: You have very sharp teeth. [Xom's grace]
  4129 | D:5      | Gained mutation: You are covered in fur. (AC +1) [Xom's
                  | grace]
  4325 | D:7      | XOM: divination: detect creatures
  4341 | D:7      | XOM: potion effect (brilliance)
  4469 | D:7      | XOM: god gift: ring mail {god gift}
  4479 | D:7      | XOM: noise
  4780 | D:7      | Found a shimmering blue altar of Sif Muna.
  4791 | D:7      | Found a staircase to the Ecumenical Temple.
  4800 | Temple   | Entered the Ecumenical Temple
  4832 | D:7      | XOM: silly message
  5040 | D:7      | Found a radiant altar of Vehumet.
  5046 | D:7      | XOM: scenery: summon butterflies
  5053 | D:7      | Reached skill level 8 in Maces & Flails
  5198 | D:8      | XOM: give mutations
  5198 | D:8      | Gained mutation: Your body sometimes deteriorates upon
                  | taking damage. [Xom's mischief]
  5198 | D:8      | Lost mutation: You are robust. (+10% HP) [Xom's mischief]
  5198 | D:8      | Gained mutation: You are dopey. (Int -2) [Xom's mischief]
  5198 | D:8      | Gained mutation: You are partially covered in iridescent
                  | scales. (AC +2) [Xom's mischief]
  5250 | D:8      | Noticed Pikel
  5253 | D:8      | XOM: summons 2 friendly demons
  5255 | D:8      | XOM: scenery: summon butterflies
  5256 | D:8      | Noticed Pikel
  5256 | D:8      | Pikel changed into Pikel the queen bee
  5256 | D:8      | XOM: polymorph Pikel -> Pikel the queen bee
  5265 | D:8      | XOM: enchant monster (bad)
  5273 | D:8      | XOM: enchant monster (good)
  5277 | D:8      | Noticed Pikel
  5277 | D:8      | Pikel the queen bee changed into Pikel the wind drake
  5277 | D:8      | XOM: polymorph Pikel the queen bee -> Pikel the wind drake
  5300 | D:8      | Killed Pikel the wind drake
  5301 | D:8      | XOM: give mutations
  5301 | D:8      | Gained mutation: Your magical capacity is low. (-10% MP)
                  | [Xom's mischief]
  5301 | D:8      | Lost mutation: You are dopey. (Int -2) [Xom's mischief]
  5577 | D:8      | Found a sparkling altar of Nemelex Xobeh.
  5577 | D:8      | Found an opulent altar of Gozag.
  5587 | D:8      | XOM: chaos upgrade
  5601 | D:8      | Reached skill level 5 in Dodging
  5892 | D:8      | XOM: summons 4 hostile demons
  5893 | D:8      | Noticed an ice devil
  5898 | D:8      | You fall into a shaft and drop 3 floors!
  5900 | D:11     | Noticed Maurice
  5911 | D:11     | XOM: confusion
  5933 | D:11     | Noticed a two-headed ogre
  5938 | D:11     | XOM: cleaving
  5942 | D:11     | Lost mutation: Your magical capacity is low. (-10% MP)
                  | [potion of mutation]
  5942 | D:11     | Gained mutation: You are robust. (+10% HP) [potion of
                  | mutation]
  5953 | D:11     | XOM: summons friendly chaos spawn
  5957 | D:11     | Killed a two-headed ogre
  5957 | D:11     | Reached skill level 9 in Maces & Flails
  5957 | D:11     | Reached XP level 10. HP: 54/86 MP: 10/10
  5967 | D:11     | XOM: give mutations
  5967 | D:11     | Gained mutation: You are resistant to hostile enchantments.
                  | (MR+) [Xom's mischief]
  5967 | D:11     | Lost mutation: You are robust. (+10% HP) [Xom's mischief]
  5967 | D:11     | Gained mutation: You expend magic power (3 MP) to
                  | strengthen your wands. [Xom's mischief]
  5976 | D:11     | Killed Maurice
  6069 | D:11     | Found a flagged portal.
  6083 | Bailey   | Entered a bailey
  6087 | Bailey   | Reached skill level 11 in Maces & Flails
  6087 | Bailey   | Reached XP level 11. HP: 85/89 MP: 11/11
  6096 | Bailey   | XOM: polymorph orc -> shapeshifter
  6127 | Bailey   | XOM: blink monster(s)
  6158 | Bailey   | XOM: swap monsters
  6328 | Bailey   | XOM: blink monster(s)
  6891 | Bailey   | XOM: enchant monster (good)
  6896 | Bailey   | XOM: cast spell 'Summon Horrible Things'
  6899 | Bailey   | XOM: give mutations
  6899 | Bailey   | Gained mutation: You possess an exceptional clarity of
                  | mind. [Xom's grace]
  6899 | Bailey   | Gained mutation: Your mind is acute. (Int +2) [Xom's grace]
  6899 | Bailey   | Gained mutation: You have large cloven feet. [Xom's grace]
  6910 | Bailey   | XOM: polymorph large abomination -> large abomination
  7066 | Bailey   | XOM: give mutations
  7066 | Bailey   | Gained mutation: Your body often deteriorates upon taking
                  | damage. [Xom's mischief]
  7066 | Bailey   | Lost mutation: You have very sharp teeth. [Xom's mischief]
  7066 | Bailey   | Lost mutation: You expend magic power (3 MP) to strengthen
                  | your wands. [Xom's mischief]
  7101 | Bailey   | XOM: chaos upgrade
  7110 | Bailey   | XOM: destruction
  7128 | Bailey   | XOM: swap monsters
  7142 | Bailey   | XOM: give mutation
  7142 | Bailey   | Lost mutation: Your body often deteriorates upon taking
                  | damage. [Xom's mischief]
  7182 | Bailey   | Identified the Handbook of Flames and the Snowflakes
  7188 | Bailey   | Got a slimy golden ring
  7189 | Bailey   | Identified the ring "Qobuss" {rC+ rN+ rCorr} (You found it
                  | in a bailey)
  7581 | Bailey   | XOM: cleaving
  7671 | Bailey   | XOM: give mutations
  7671 | Bailey   | Gained mutation: You are agile. (Dex +2) [Xom's mischief]
  7671 | Bailey   | Lost mutation: You possess an exceptional clarity of mind.
                  | [Xom's mischief]
  7671 | Bailey   | Gained mutation: You expend magic power (3 MP) to
                  | strengthen your wands. [Xom's mischief]
  7671 | Bailey   | Lost mutation: Your mind is acute. (Int +2) [Xom's
                  | mischief]
  7761 | D:11     | Found an opulent altar of Gozag.
  7859 | D:11     | XOM: give mutations
  7859 | D:11     | Gained mutation: You are weak. (Str -2) [Xom's mischief]
  7859 | D:11     | Lost mutation: Your body sometimes deteriorates upon taking
                  | damage. [Xom's mischief]
  7882 | D:11     | Got a smoking broad axe
  7883 | D:11     | Identified the +9 broad axe of Righteous Fury {freeze,
                  | rElec rN+ Int-3} (You found it on level 11 of the Dungeon)
  7994 | D:11     | XOM: give mutations
  7994 | D:11     | Gained mutation: You are very weak. (Str -4) [Xom's
                  | mischief]
  7994 | D:11     | Lost mutation: You are resistant to hostile enchantments.
                  | (MR+) [Xom's mischief]
  7994 | D:11     | Gained mutation: Your body sometimes deteriorates upon
                  | taking damage. [Xom's mischief]
  7994 | D:11     | Lost mutation: You are agile. (Dex +2) [Xom's mischief]
  8066 | D:11     | XOM: stat loss: -1 Int (8/9)
  8144 | D:11     | XOM: draining
  8186 | D:10     | Entered Level 10 of the Dungeon
  8211 | D:10     | XOM: chaos upgrade
  8246 | D:10     | XOM: swap monsters
  8287 | D:10     | Reached skill level 12 in Maces & Flails
  8290 | D:10     | XOM: noise
  8453 | D:10     | XOM: god gift: 28 gold pieces
  8546 | D:10     | XOM: silly message
  8685 | D:10     | Reached XP level 12. HP: 92/97 MP: 12/12
  8764 | D:10     | Found the +12 Vampire's Tooth {vamp}
  8837 | D:10     | XOM: potion effect (brilliance)
  8852 | D:10     | Reached skill level 10 in Fighting
  9025 | D:10     | XOM: give mutations
  9025 | D:10     | Gained mutation: You are resistant to electric shocks.
                  | (rElec) [Xom's grace]
  9025 | D:10     | Gained mutation: You are agile. (Dex +2) [Xom's grace]
  9025 | D:10     | Gained mutation: You possess an exceptional clarity of
                  | mind. [Xom's grace]
  9025 | D:10     | Gained mutation: Your flesh is heat resistant. (rF+) [Xom's
                  | grace]
  9201 | D:10     | XOM: stat loss: -1 Str (13/14)
  9295 | D:10     | XOM: divination: detect creatures
  9296 | D:10     | Found a staircase to the Orcish Mines.
  9510 | D:10     | You fall into a shaft and drop 1 floor!
  9832 | D:9      | XOM: god gift: wand of disintegration (16)
  9864 | D:9      | Found a large runed translucent door.
  9864 | D:9      | Found a large runed translucent door.
  9871 | D:9      | Noticed krystol's ghost (novice MiBr)
  9900 | D:9      | Killed krystol's ghost
 10091 | D:9      | You fall into a shaft and drop 1 floor!
 10173 | D:8      | Noticed Maggie
 10177 | D:8      | XOM: enchant monster (good)
 10181 | D:8      | Killed Maggie
 10184 | D:8      | XOM: smoke on damage
 10326 | D:8      | XOM: swap monsters
 10372 | D:8      | Reached skill level 10 in Armour
 10373 | D:8      | XOM: chaos cloud
 10376 | D:8      | XOM: polymorph kobold -> adder
 10518 | D:8      | XOM: noise
 10617 | D:8      | XOM: torment (60/98 hp)
 10722 | D:8      | XOM: summons 3 hostile shadow creatures
 10817 | D:8      | XOM: swap monsters
 10914 | D:8      | XOM: silly message
 10936 | D:8      | XOM: summons 1 hostile shadow creature
 10941 | D:8      | XOM: chaos cloud
 11114 | D:8      | Found a staircase to the Lair.
 11117 | D:8      | XOM: silly message
 11131 | D:8      | XOM: fog
 11136 | D:8      | XOM: chaos cloud
 11143 | D:8      | XOM: polymorph yak -> wind drake
 11326 | D:9      | XOM: give mutations
 11326 | D:9      | Lost mutation: You are agile. (Dex +2) [Xom's mischief]
 11326 | D:9      | Lost mutation: You expend magic power (3 MP) to strengthen
                  | your wands. [Xom's mischief]
 11326 | D:9      | Gained mutation: Your magical capacity is low. (-10% MP)
                  | [Xom's mischief]
 11326 | D:9      | Gained mutation: You are frail. (-10% HP) [Xom's mischief]
 11651 | D:8      | XOM: summons 1 hostile demon
 11755 | D:8      | Noticed a two-headed ogre
 11762 | D:8      | Killed a two-headed ogre
 11762 | D:8      | Reached skill level 13 in Maces & Flails
 11773 | D:8      | XOM: give mutation
 11773 | D:8      | Lost mutation: You are very weak. (Str -4) [Xom's mischief]
 11832 | D:8      | XOM: give mutations
 11832 | D:8      | Lost mutation: Your body sometimes deteriorates upon taking
                  | damage. [Xom's mischief]
 11832 | D:8      | Gained mutation: You occasionally shout uncontrollably at
                  | your foes. [Xom's mischief]
 11832 | D:8      | Gained mutation: You are dopey. (Int -2) [Xom's mischief]
 11832 | D:8      | Lost mutation: Your magical capacity is low. (-10% MP)
                  | [Xom's mischief]
 11939 | D:8      | XOM: silly message
 12133 | D:9      | XOM: give mutations
 12133 | D:9      | Gained mutation: You evolve. [Xom's grace]
 12133 | D:9      | Gained mutation: You expend magic power (3 MP) to
                  | strengthen your wands. [Xom's grace]
 12133 | D:9      | Gained mutation: You have an increased reservoir of magic.
                  | (+10% MP) [Xom's grace]
 12175 | D:9      | Noticed Joseph
 12182 | D:9      | XOM: noise
 12188 | D:9      | Killed Joseph
 12309 | D:9      | XOM: summons 1 hostile demon
 12590 | D:9      | XOM: summons 7 hostile demons
 12853 | D:12     | XOM: summons 2 hostile shadow creatures
 12918 | D:12     | Noticed a six-headed hydra
 13032 | D:12     | You fall into a shaft and drop 3 floors!
 13032 | D:15     | Entered Level 15 of the Dungeon
 13039 | D:15     | Found Rexkod's Book Emporium.
 13045 | D:15     | XOM: stat loss: -1 Int (6/7)
 13097 | D:15     | XOM: noise
 13099 | D:15     | XOM: noise
 13108 | D:15     | XOM: cleaving
 13111 | D:15     | XOM: cleaving
 13115 | D:15     | XOM: polymorph cyan ugly thing -> white ugly thing
 13124 | D:15     | XOM: enchant monster (good)
 13135 | D:15     | XOM: enchant monster (good)
 13136 | D:15     | XOM: polymorph white ugly thing -> purple ugly thing
 13139 | D:15     | Found a frozen archway.
 13152 | D:15     | Reached XP level 13. HP: 30/93 MP: 14/14
 13169 | D:15     | XOM: summons 3 friendly demons
 13176 | D:15     | XOM: polymorph slime creature -> wolf spider
 13178 | D:15     | XOM: divination: magic mapping
 13188 | IceCv    | Entered an ice cave
 13251 | IceCv    | XOM: cloud trail
 13358 | IceCv    | XOM: god gift: lightning rod (4/4)
 13438 | IceCv    | XOM: enchant monster (good)
 13439 | IceCv    | XOM: cast spell 'Disjunction'
 13979 | IceCv    | XOM: divination: magic mapping
 14006 | IceCv    | XOM: god gift: silver wand {god gift}
 14008 | IceCv    | XOM: noise
 14070 | IceCv    | XOM: scenery: 11 doors close
 14097 | IceCv    | XOM: scenery: 11 doors open
 14233 | IceCv    | Identified the +11 bardiche "Deunio" {freeze, rF+}
 14240 | IceCv    | XOM: summons friendly ufetubus
 14417 | IceCv    | XOM: god gift: 7 boomerangs
 14429 | IceCv    | XOM: summons friendly ufetubus
 14612 | IceCv    | XOM: divination: detect items
 14681 | D:14     | HP: 1/95 [wolf spider (17)]
 14941 | D:14     | Gained mutation: Your system is resistant to poisons.
                  | (rPois) [evolution]
 14942 | D:14     | Noticed Roxanne
 15099 | D:14     | XOM: confuse monster(s)
 15169 | D:13     | Noticed a centaur warrior
 15170 | D:13     | Noticed a yaktaur captain
 15171 | D:13     | Noticed a yaktaur captain
 15171 | D:13     | Noticed a centaur warrior
 15173 | D:13     | Noticed a centaur warrior
 15175 | D:13     | XOM: fog
 15180 | D:13     | Killed a centaur warrior
 15270 | D:13     | XOM: give mutations
 15270 | D:13     | Gained mutation: Your spells are a little harder to cast,
                  | but a little more powerful. [Xom's grace]
 15270 | D:13     | Gained mutation: You are resistant to hostile enchantments.
                  | (MR+) [Xom's grace]
 15270 | D:13     | Lost mutation: You are weak. (Str -2) [Xom's grace]
 15270 | D:13     | Gained mutation: Your spells are harder to cast, but more
                  | powerful. [Xom's grace]
 15315 | D:13     | XOM: give mutations
 15315 | D:13     | Lost mutation: You are dopey. (Int -2) [Xom's grace]
 15315 | D:13     | Gained mutation: You have a considerably increased
                  | reservoir of magic. (+20% MP) [Xom's grace]
 15360 | D:13     | Noticed Rupert
 15375 | D:13     | XOM: enchant monster (good)
 15379 | D:13     | XOM: confuse monster(s)
 15392 | D:13     | Killed Rupert
 15392 | D:13     | Reached skill level 14 in Maces & Flails
 15657 | D:12     | Killed a six-headed hydra
 15708 | D:12     | Found Lonec's General Store.
 15723 | D:12     | XOM: divination: magic mapping
 15949 | D:12     | XOM: potion effect (stabbing)
 15993 | D:12     | XOM: give mutation
 15993 | D:12     | Gained mutation: Your flesh is very heat resistant. (rF++)
                  | [Xom's grace]
 16054 | D:12     | Found Ecoedyuxt's Gadget Shoppe.
 16220 | D:13     | XOM: summons 4 hostile demons
 16236 | D:13     | Found a transporter.
 16238 | D:13     | Found the +2 ratskin cloak {*Rats rPois rN+ Str-1 Int-1
                  | Dex+1}
 16552 | D:13     | XOM: give mutations
 16552 | D:13     | Gained mutation: Your flesh is almost immune to the effects
                  | of heat. (rF+++) [Xom's grace]
 16552 | D:13     | Gained mutation: You have hoof-like feet. [Xom's grace]
 16552 | D:13     | Gained mutation: You are mostly covered in iridescent
                  | scales. (AC +4) [Xom's grace]
 16640 | D:13     | XOM: noise
 16654 | D:13     | XOM: give mutations
 16654 | D:13     | Lost mutation: You expend magic power (3 MP) to strengthen
                  | your wands. [Xom's mischief]
 16654 | D:13     | Lost mutation: You evolve. [Xom's mischief]
 16787 | D:13     | Found a transporter.
 16884 | D:13     | XOM: scenery: create altars
 17057 | D:13     | XOM: give mutations
 17057 | D:13     | Lost mutation: You are frail. (-10% HP) [Xom's mischief]
 17057 | D:13     | Lost mutation: You have hoof-like feet. [Xom's mischief]
 17116 | D:13     | XOM: fog
 17208 | D:13     | XOM: give mutations
 17208 | D:13     | Gained mutation: You evolve. [Xom's grace]
 17208 | D:13     | Gained mutation: Your natural rate of healing is unusually
                  | fast. [Xom's grace]
 17208 | D:13     | Gained mutation: Your spells are much harder to cast, but
                  | much more powerful. [Xom's grace]
 17208 | D:13     | Gained mutation: You are highly resistant to hostile
                  | enchantments. (MR++) [Xom's grace]
 17473 | D:14     | XOM: silly message
 17602 | D:14     | Noticed an ironheart preserver
 17605 | D:14     | Found a gate to the Vaults.
 17613 | D:14     | XOM: enchant monster (good)
 17643 | D:14     | Killed an ironheart preserver
 17643 | D:14     | Reached XP level 14. HP: 113/113 MP: 16/16
 17654 | D:14     | XOM: polymorph manticore -> deep troll
 17659 | D:14     | XOM: divine lightning
 17664 | D:14     | XOM: give mutation
 17664 | D:14     | Gained mutation: Your muscles are strong. (Str +2) [Xom's
                  | grace]
 17701 | D:14     | XOM: polymorph slime creature -> shapeshifter
 17702 | D:14     | Reached skill level 5 in Shields
 17703 | D:14     | XOM: cast spell 'Summon Hydra'
 17738 | D:14     | XOM: scenery: 1 doors close
 17749 | D:14     | Found a shadowy altar of Dithmenos.
 17750 | D:14     | XOM: cast spell 'Olgreb's Toxic Radiance'
 17769 | D:14     | XOM: blink monster(s)
 17828 | D:14     | XOM: polymorph manticore -> tarantella
 17854 | D:14     | XOM: smoke on damage
 17856 | D:14     | XOM: smoke on damage
 17915 | D:14     | XOM: summons 2 hostile demons
 18016 | D:14     | XOM: silly message
 18162 | D:14     | XOM: noise
 18296 | D:14     | XOM: enchant monster (good)
 18298 | D:14     | XOM: noise
 18309 | D:14     | XOM: divination: magic mapping
 18339 | D:14     | XOM: silly message
 18502 | D:15     | XOM: noise
 18545 | D:15     | XOM: potion effect (brilliance)
 18547 | D:15     | XOM: noise
 18574 | D:15     | XOM: potion effect (stabbing)
 18649 | D:14     | XOM: give mutations
 18649 | D:14     | Lost mutation: You occasionally shout uncontrollably at
                  | your foes. [Xom's mischief]
 18649 | D:14     | Lost mutation: You evolve. [Xom's mischief]
 18649 | D:14     | Lost mutation: Your spells are much harder to cast, but
                  | much more powerful. [Xom's mischief]
 18649 | D:14     | Lost mutation: Your spells are harder to cast, but more
                  | powerful. [Xom's mischief]
 18703 | D:15     | XOM: blink monster(s)
 18709 | D:15     | Reached skill level 10 in Dodging
 18784 | D:15     | XOM: swap monsters
 18785 | D:15     | XOM: enchant monster (good)
 18788 | D:15     | XOM: enchant monster (bad)
 18793 | D:15     | XOM: cast spell 'Olgreb's Toxic Radiance'
 18795 | D:15     | XOM: noise
 18832 | D:15     | XOM: confuse monster(s)
 19014 | D:15     | XOM: summons friendly crimson imp
 19025 | D:15     | Reached skill level 15 in Maces & Flails
 19116 | D:15     | XOM: cast spell 'Chain of Chaos'
 19122 | D:15     | XOM: give mutations
 19122 | D:15     | Gained mutation: Your spells are harder to cast, but more
                  | powerful. [Xom's grace]
 19122 | D:15     | Gained mutation: Your spells are much harder to cast, but
                  | much more powerful. [Xom's grace]
 19122 | D:15     | Gained mutation: Your muscles are very strong. (Str +4)
                  | [Xom's grace]
 19122 | D:15     | Gained mutation: You have hoof-like feet. [Xom's grace]
 19145 | D:15     | XOM: noise
 19147 | D:15     | XOM: fake destruction
 19157 | D:15     | Found a staircase to the Depths.
 19267 | D:15     | XOM: give mutations
 19267 | D:15     | Gained mutation: You are robust. (+10% HP) [Xom's grace]
 19267 | D:15     | Gained mutation: You have sharp fingernails. [Xom's grace]
 19267 | D:15     | Gained mutation: You are covered in thick fur. (AC +2)
                  | [Xom's grace]
 19416 | Orc:1    | Entered Level 1 of the Orcish Mines
 19467 | Orc:1    | Found a roughly hewn altar of Beogh.
 19486 | Orc:1    | XOM: fog
 19709 | Orc:1    | Found a transporter.
 19712 | Orc:1    | Noticed Hirgh's ghost (journeyman MfFi)
 19757 | Orc:1    | XOM: fog
 19765 | Orc:1    | XOM: confuse monster(s)
 19794 | Orc:1    | Found a transporter.
 19799 | Orc:1    | XOM: divine lightning
 19843 | Orc:1    | XOM: fog
 19925 | Orc:1    | XOM: divination: detect items
 20069 | Orc:1    | XOM: give mutation
 20069 | Orc:1    | Gained mutation: You are very robust. (+20% HP) [Xom's
                  | grace]
 20329 | Orc:1    | XOM: scenery: summon butterflies
 20330 | Orc:1    | Reached XP level 15. HP: 145/145 MP: 18/18
 20338 | Orc:1    | XOM: polymorph warg -> basilisk
 20348 | Orc:1    | XOM: chaos cloud
 20366 | Orc:1    | Killed Hirgh's ghost
 20448 | Orc:2    | Entered Level 2 of the Orcish Mines
 20565 | Orc:2    | XOM: silly message
 20818 | Orc:2    | XOM: cast spell 'Dispersal'
 20933 | Orc:2    | Found a staircase to the Elven Halls.
 21004 | Orc:2    | XOM: enchant monster (good)
 21007 | Orc:2    | XOM: destruction
 21040 | Orc:2    | XOM: cleaving
 21041 | Orc:2    | Found Qasheant's Weapon Emporium.
 21041 | Orc:2    | Found Olop's General Store.
 21041 | Orc:2    | Found Nasearr's Assorted Antiques.
 21041 | Orc:2    | Found Aletih's Armour Emporium.
 21041 | Orc:2    | XOM: summons 3 friendly demons
 21042 | Orc:2    | XOM: divine lightning
 21045 | Orc:2    | XOM: swap monsters
 21061 | Orc:2    | XOM: chaos upgrade
 21304 | Orc:2    | XOM: summons 3 hostile shadow creatures
 21557 | Orc:2    | Bought a scroll of identify for 70 gold pieces
 21557 | Orc:2    | Bought a potion of heal wounds for 175 gold pieces
 21684 | Lair:1   | Entered Level 1 of the Lair of Beasts
 21807 | Lair:1   | XOM: repel stairs
 21828 | Lair:1   | XOM: give mutation
 21828 | Lair:1   | Lost mutation: You are highly resistant to hostile
                  | enchantments. (MR++) [Xom's mischief]
 21973 | Lair:1   | Found an ornate altar of the Wu Jian Council.
 22348 | Lair:2   | XOM: potion effect (might)
 22411 | Lair:2   | Reached skill level 16 in Maces & Flails
 22688 | Lair:2   | XOM: silly message
 22968 | Lair:3   | XOM: potion effect (brilliance)
 23049 | Lair:3   | XOM: divination: magic mapping
 23336 | Lair:3   | XOM: divination: detect creatures
 23629 | Lair:3   | Reached XP level 16. HP: 156/156 MP: 19/19
 23838 | Lair:3   | Noticed Nergalle
 23849 | Lair:3   | Killed Nergalle
 23961 | Lair:4   | Found a hole to the Spider Nest.
 24068 | Lair:4   | XOM: enchant monster (good)
 24116 | Lair:4   | XOM: summons 8 friendly demons
 24117 | Lair:4   | XOM: summons 2 friendly demons
 24190 | Lair:4   | XOM: summons 2 hostile shadow creatures
 24312 | Lair:4   | XOM: god gift: Young Poisoner's Handbook
 24529 | Lair:4   | Found a staircase to the Shoals.
 24713 | Lair:5   | XOM: noise
 24721 | Lair:5   | XOM: polymorph torpor snail -> faun
 24723 | Lair:5   | XOM: summons friendly ufetubus
 24724 | Lair:5   | XOM: potion effect (invisibility)
 24733 | Lair:5   | XOM: destruction
 24911 | Lair:5   | XOM: silly message
 25163 | Lair:5   | XOM: divination: detect items
 25191 | Lair:5   | Found a basalt altar of Yredelemnul.
 25397 | Lair:5   | XOM: confuse monster(s)
 25466 | Lair:5   | Found a staircase to the Slime Pits.
 25536 | Lair:5   | XOM: cast spell 'Alistair's Intoxication'
 25839 | Lair:6   | Entered Level 6 of the Lair of Beasts
 25853 | Lair:6   | XOM: cast spell 'Cause Fear'
 25871 | Lair:6   | Noticed Sonja
 25876 | Lair:6   | XOM: potion effect (heal wounds)
 25883 | Lair:6   | Killed Sonja
 25888 | Lair:6   | XOM: enchant monster (good)
 25899 | Lair:6   | XOM: potion effect (stabbing)
 26067 | Lair:6   | XOM: polymorph blink frog -> queen bee
 26070 | Lair:6   | XOM: destruction
 26074 | Lair:6   | XOM: summons 6 friendly demons
 26171 | Lair:6   | XOM: summons friendly quasit
 26345 | Lair:6   | XOM: give mutations
 26345 | Lair:6   | Gained mutation: You expend magic power (3 MP) to
                  | strengthen your wands. [Xom's grace]
 26345 | Lair:6   | Gained mutation: Your flesh is cold resistant. (rC+) [Xom's
                  | grace]
 26400 | Lair:6   | XOM: confuse monster(s)
 26413 | Lair:6   | XOM: cleaving
 26591 | Lair:6   | XOM: give mutations
 26591 | Lair:6   | Lost mutation: Your system is resistant to poisons. (rPois)
                  | [Xom's mischief]
 26591 | Lair:6   | Lost mutation: You are mostly covered in iridescent scales.
                  | (AC +4) [Xom's mischief]
 26591 | Lair:6   | Lost mutation: You are very robust. (+20% HP) [Xom's
                  | mischief]
 26591 | Lair:6   | Lost mutation: You have hoof-like feet. [Xom's mischief]
 26624 | Lair:6   | XOM: swap monsters
 26625 | Lair:6   | XOM: fake destruction
 26725 | Lair:6   | XOM: draining
 26729 | Lair:6   | Got a fading mace
 26730 | Lair:6   | Identified the +6 mace "Gaic Wik" {freeze, rPois Int+4
                  | Stlth-} (You found it on level 6 of the Lair of Beasts)
 26944 | Lair:6   | XOM: cleaving
 27029 | Lair:4   | XOM: scenery: summon butterflies
 27075 | Shoals:1 | Entered Level 1 of the Shoals
 27088 | Shoals:1 | XOM: chaos cloud
 27094 | Shoals:1 | XOM: chaos cloud
 27096 | Shoals:1 | Found a gateway to a bazaar.
 27098 | Shoals:1 | XOM: snakes to sticks
 27102 | Shoals:1 | Noticed Frances
 27120 | Shoals:1 | Reached XP level 17. HP: 30/152 MP: 20/20
 27124 | Bazaar   | Entered a bazaar
 27128 | Bazaar   | Found Zofryp's Distillery.
 27237 | Bazaar   | XOM: scenery: 2 doors open, 1 doors close
 27293 | Bazaar   | Found Sythruido's Armour Emporium.
 27310 | Bazaar   | Found Xouvvuwn's Book Boutique.
 27327 | Bazaar   | Found Qusingu's Assorted Antiques.
 27332 | Bazaar   | Bought a potion of curing for 78 gold pieces
 27332 | Bazaar   | Bought a scroll labeled ZAFYWO JOCE for 26 gold pieces
 27401 | Bazaar   | XOM: god gift: 3 boomerangs
 27448 | Shoals:1 | XOM: divination: magic mapping
 27455 | Shoals:1 | Killed Frances
 27682 | Shoals:1 | XOM: cast spell 'Disjunction'
 27830 | Shoals:1 | XOM: divination: magic mapping
 27836 | Shoals:1 | XOM: confuse monster(s)
 27906 | Shoals:1 | XOM: give mutation
 27906 | Shoals:1 | Lost mutation: Your spells are much harder to cast, but
                  | much more powerful. [Xom's mischief]
 27913 | Shoals:1 | XOM: summons 7 hostile demons
 28385 | Shoals:2 | Noticed Polyphemus
 28396 | Shoals:2 | XOM: divination: detect items
 28399 | Shoals:2 | XOM: divination: detect items
 28424 | Shoals:2 | Killed Polyphemus
 28443 | Shoals:2 | XOM: smoke on damage
 28445 | Shoals:2 | Drowned by a drowned soul

Illustrated notes

Levels and vault maps discovered:
D:1:      erik_arrival_orb_chamber, layout_basic
D:2:      layout_loops_cross, nicolae_qazlal_eye_of_the_storm, uniq_jessica
D:3:      layout_loops_ring, tgw_sif, lemuel_doored_altar,
          amethyst_overflow_temple_binary, portal_sewer_entry_a
D:4:      minmay_spotlight, layout_rooms
D:5:      layout_gridville, cheibriados_altar_1, guppyfry_early_lair_pool,
          uniq_blork_the_orc, uniq_duvessa
D:6:      layout_cave_pools, nicolae_overflow_hidden_temple
D:7:      layout_basic, overflow_temple_1_default,
          minmay_temple_entry_gardened_gates, basic_altar
D:8:      wad_lake_hut, layout_basic, grunt_temple_overflow_opulence,
          minmay_lair_entry_grove, uniq_maggie, uniq_pikel
D:9:      layout_basic, serial_undead, serial_undead_a, serial_undead_b,
          serial_undead_d, serial_undead_e, serial_undead_e, serial_undead_f,
          serial_undead_d, ebering_ghost_disaster_area, uniq_joseph
D:10:     minmay_four_partial_circles, layout_small_grid, orc_0_dummy,
          minmay_guarded_unrand_vampires_tooth
D:11:     layout_long_grid, basic_altar, enter_bailey_3, uniq_maurice
D:12:     layout_loops_cross, serial_shops, shop, shop
D:13:     gammafunk_sealed_arena, layout_layer_cave, uniq_rupert
D:14:     layout_loops_ring, skrybe_vaults_entry_preservation,
          nicolae_dithmenos_through_a_glass_darkly, serial_bayou,
          serial_bayou_pond_b, serial_bayou_lagoon_a, serial_bayou_shore_b,
          serial_bayou_shore_a, uniq_roxanne
D:15:     grunt_enter_depths_magical_seal, layout_irregular_city,
          portal_ice_cave_entry_ice_beasts, serial_shops, shop,
          small_statue_intersection
Temple:   dshaligram_water_room_temple
Lair:1:   layout_gridlike, basic_altar, chequers_serial_rivers_micro_b
Lair:2:   layout_regular_city, serial_bayou_shore_b
Lair:3:   layout_long_grid, grunt_megastairs_4, uniq_nergalle
Lair:4:   layout_loops_ring, minmay_shoals_entry_beasts,
          nicolae_spider_entry_tight_spaces
Lair:5:   layout_layer_cave, slime_dummy, basic_altar, beast_lair_carwin_11
Lair:6:   grunt_lair_end_beastmaster, layout_regular_city, hibernation_bobbens,
          infiniplex_staircase_pool, uniq_sonja
Shoals:1: layout_shoals, serial_shops, bzr_entry_customers, uniq_frances
Shoals:2: layout_shoals, serial_shops, shop, shop, shop,
          nicolae_shop_overgrown_old_shop, shop,
          nicolae_shoals_arrival_archipelago, uniq_polyphemus, uniq_ilsuiw
Orc:1:    layout_caves, basic_altar, gammafunk_ghost_berserking_beasts
Orc:2:    st_orc_ogre_mass, layout_caves

Skill      XL: |  1  2  3  4  5  6  7  8  9 10 11 12 13 14 15 16 |
---------------+-------------------------------------------------+-----
Dodging        | 1 2 3 4 5 7 8 9 10 11 12 | 12.5
Maces & Flails | 4 5 6 7 9 11 12 13 14 15 16 | 16.6
Fighting       | 4 5 6 7 9 10 11 12 13 14 | 14.7
Armour         | 3 4 5 6 8 9 10 11 12 14 | 14.6
Shields        | 4 8 9 |  9.0

Action                   |  1- 3 |  4- 6 |  7- 9 | 10-12 | 13-15 | 16-18 || total
-------------------------+-------+-------+-------+-------+-------+-------++-------
Melee: Mace              |    26 |   191 |   419 |   204 |    28 |    21 ||   889
       Bite              |       |       |    24 |    15 |       |       ||    39
       Broad axe         |       |       |       |   389 |   877 |   494 ||  1760
       Kick              |       |       |       |    99 |   395 |   252 ||   746
       Quick blade       |       |       |       |    18 |    11 |       ||    29
Throw: Javelin           |       |       |       |     5 |       |       ||     5
 Abil: Shaft Self        |       |       |     1 |       |       |       ||     1
       Dig               |       |       |       |       |     1 |     1 ||     2
Evoke: Wand              |       |       |       |     7 |       |       ||     7
  Use: Potion            |       |     2 |     9 |     4 |     8 |     7 ||    30
       Scroll            |       |       |     6 |     7 |    12 |     3 ||    28
 Stab: Invisible         |       |       |     9 |       |     3 |    22 ||    34
       Confused          |       |       |     3 |     2 |     4 |     4 ||    13
       Paralysed         |       |       |     1 |     4 |       |     1 ||     6
       Petrified         |       |       |       |     9 |       |    14 ||    23
       Petrifying        |       |       |       |     1 |       |     4 ||     5
       Distracted        |       |       |       |       |     1 |     3 ||     4
Armor: Leather armour    |     9 |   106 |       |       |       |       ||   115
       Ring mail         |       |     6 |   220 |   342 |   403 |   248 ||  1219
Dodge: Dodged            |    15 |   188 |   382 |   508 |   688 |   522 ||  2303
Block: Kite shield       |       |       |       |       |   507 |   445 ||   952

Table legend: (Time is in decaauts)
 A = Elapsed time spent in this place.
 B = Non-inter-level travel time spent in this place.
 C = Inter-level travel time spent in this place.
 D = Time resting spent in this place.
 E = Time spent auto-exploring this place.
 F = Levels seen in this place.
 G = Mean time per level.
                   A        B        C        D        E       F      G
               +--------+--------+--------+--------+--------+-----+--------+
         Total |  28829 |  27866 |    963 |   1915 |  19359 |  30 |  961.0 |
       Dungeon |  15757 |  15121 |    636 |    649 |  11180 |  15 | 1050.5 |
        Temple |      1 |      1 |      0 |      0 |      0 |   1 |    1.0 |
          Lair |   5396 |   5204 |    192 |      4 |   4305 |   6 |  899.3 |
        Shoals |   1126 |   1107 |     19 |    102 |    661 |   2 |  563.0 |
  Orcish Mines |   2226 |   2110 |    116 |      0 |   1500 |   2 | 1113.0 |
        Bazaar |    294 |    294 |      0 |      0 |    206 |   1 |  294.0 |
         Sewer |    896 |    896 |      0 |      0 |    636 |   1 |  896.0 |
        Bailey |   1633 |   1633 |      0 |    273 |    704 |   1 | 1633.0 |
      Ice Cave |   1495 |   1495 |      0 |    887 |    165 |   1 | 1495.0 |
               +--------+--------+--------+--------+--------+-----+--------+

Top non-repeatable levels by time:
     D:8: 2462 daAuts
  Bailey: 1633 daAuts
    D:10: 1568 daAuts
    D:13: 1553 daAuts
    D:14: 1516 daAuts
   IceCv: 1495 daAuts
     D:9: 1469 daAuts
     D:3: 1344 daAuts
  Lair:6: 1186 daAuts
   Orc:2: 1169 daAuts
  Lair:5: 1136 daAuts
    D:15: 1063 daAuts
   Orc:1: 1057 daAuts
    D:12: 1030 daAuts
Shoals:1: 1017 daAuts
